 Dungeon Crawl Stone Soup version 0.30-a0-847-g17996783a1 (webtiles) character file.

Game seed: 174216079286837120

22692 oldmanjim the Fighter (level 13, -2/99 HPs)
             Began as a Djinni Conjurer on Feb 25, 2023.
             Was an Elder of Makhleb.
             Slain by an anaconda skeleton (12 damage)
             ... in a volcano on Mar 4, 2023.
             The game lasted 01:45:36 (16185 turns).

oldmanjim the Fighter (Djinni Conjurer)            Turns: 16185, Time: 01:45:37

Health: -2/99      AC:  7    Str:  6    XL:     13   Next: 29%
Gold:   987        EV: 11    Int: 30    God:    Makhleb [****..] SH:  0 Dex: 13

rFire   + + .      SeeInvis +    o - +6 flail of Popular Demand {flame, *Noise rElec Will+}
rCold   x . .      Faith    .    (no shield)
rNeg    . . .      Spirit   .    v - +0 acid dragon scales
rPois   ∞          Reflect  .    (no helmet)
rElec   +          Rampage  .    (no cloak)
rCorr   +                        (no gloves)
Will    ++...                    (boots unavailable)
Stlth   +                        I - amulet of the acrobat
HPRegen 0.36/turn                g - +6 ring of intelligence
MPRegen 0.00/turn                H - ring of see invisible

@: flying, constricted
A: sickness immunity, fire resistance 2, cold vulnerability 1, float, innate
caster, HP casting, extra vitality 1
a: Renounce Religion, Minor Destruction, Lesser Servant of Makhleb, Major
Destruction


You were in a volcano.
You worshipped Makhleb.
Makhleb was greatly pleased with you.
You visited 3 branches of the dungeon, and saw 15 of its levels.
You also visited: Volcano.

You collected 1077 gold pieces.
You spent 90 gold pieces at shops.

Inventory:

Hand Weapons
 o - the +6 flail of Popular Demand (weapon) {flame, *Noise rElec Will+}
   (You found it on level 3 of the Dungeon)

   rElec:     It insulates you from electricity.
   *Noise:    It may make noises in combat.
   Will:      It increases your willpower.
Missiles
 c - 82 stones
 i - 2 atropa-tipped darts (quivered)
 p - 24 poisoned darts
 z - 11 boomerangs
 K - 5 javelins
Armour
 v - +0 acid dragon scales (worn)
 E - the +1 helmet of Kleptomania {rF- Str+3 Int+2}
   (You acquired it on level 10 of the Dungeon)

   Str:       It affects your strength (+3).
   Int:       It affects your intelligence (+2).
   rF:        It makes you vulnerable to fire.
Jewellery
 g - a +6 ring of intelligence (left hand)
 H - a ring of see invisible (right hand)
 I - an amulet of the acrobat (around neck)
Wands
 a - a wand of quicksilver (4)
 n - a wand of flame (28)
 F - a wand of roots (2)
Scrolls
 f - 8 scrolls of teleportation
 j - a scroll of torment
 k - a scroll of butterflies
 q - 3 scrolls of fog
 r - a scroll of enchant weapon
 s - a scroll of immolation
 t - 2 scrolls of enchant armour
 y - 2 scrolls of poison
Potions
 b - 2 potions of degeneration {unknown}
 d - 2 potions of might {unknown}
 e - 4 potions of brilliance
 h - a potion of invisibility {unknown}
 l - 3 potions of haste
 m - 7 potions of curing
 u - a potion of berserk rage {unknown}
 x - a potion of attraction {unknown}
 A - 2 potions of heal wounds
 C - 3 potions of mutation
 D - 2 potions of flight {unknown}
 G - a potion of cancellation {unknown}
 J - a potion of lignification {unknown}
Miscellaneous
 B - a piece from Xom's chessboard (15/15)


   Skills:
 - Level 11.0 Fighting
 - Level 5.0 Armour
 - Level 10.0 Dodging
 - Level 1.5 Stealth
 - Level 10.0 Spellcasting
 + Level 9.9 Invocations


You knew the following spells:

 Your Spells              Type           Power      Damage    Failure   Level
a - Magic Dart            Conj           100%       1d8       1%          1
b - Searing Ray           Conj           100%       2d8       1%          2
c - Dazzling Flash        Conj/Hex       100%       N/A       1%          3
d - Fulminant Prism       Conj/Hex       33%        3d16      1%          4
e - Iskenderun's Mystic   Conj/Tloc      66%        2d14      1%          4
f - Shock                 Conj/Air       100%       1d9       1%          1
g - Static Discharge      Conj/Air       100%       2-7/arc   1%          2
h - Tukima's Dance        Hex            66%        N/A       1%          3
i - Anguish               Hex/Necr       33%        N/A       1%          4
j - Summon Mana Viper     Hex/Summ       66%        N/A       3%          5
k - Summon Forest         Summ/Tloc      33%        N/A       3%          5
Your spell library was empty.

Dungeon Overview and Level Annotations

Branches:
Dungeon (11/15)            Temple (1/1) D:7            Lair (3/5) D:9
  Swamp (0/4) Lair:2        Snake (0/4) Lair:3      Volcano (1/1)
    Orc: D:9-12

Altars:
Ashenzari
Cheibriados
Dithmenos
Elyvilon
Fedhas
Gozag
Hepliaklqana
Makhleb
Nemelex Xobeh
Okawaru
Qazlal
Ru
Trog
Uskayaw
Wu Jian
Xom
Yredelemnul
Zin
The Shining One


Innate Abilities, Weirdness & Mutations

You are immune to sickness and miasma.
You are immune to poison.
Your flesh is very heat resistant. (rF++)
You are vulnerable to cold. (rC-)
You float through the air rather than walking.
You learn spells naturally, not from books.
Your magical power is your life essence.
You have superior vitality. (+4 MHP)


Message History

The anaconda skeleton is lightly damaged.
The anaconda skeleton grabs you. The anaconda skeleton bites you!
The anaconda skeleton constricts you.
The anaconda skeleton closely misses you.
The gargoyle hits your fulminant prism with a +0 dire flail!
Your fulminant prism explodes!
The blast of energy engulfs the gargoyle!!
The gargoyle is heavily damaged.
The anaconda skeleton bites you! The anaconda skeleton constricts you.
The anaconda skeleton barely misses you. x2
The anaconda skeleton constricts you. The anaconda skeleton bites you.
The gargoyle hits you with a +0 flail!!
Casting: Iskenderun's Mystic Blast (mildly dangerous; 1% risk of failure)
Confirm with . or Enter, or press ? or * to list all spells.
Aiming: Fulminant Prism (mildly dangerous; 1% risk of failure)
Press: ? - help, Dir - move target You conjure a prism of explosive energy!
A fulminant prism comes into view.
The anaconda skeleton completely misses you.
The anaconda skeleton constricts you. The anaconda skeleton bites you.
The gargoyle barely misses you. The anaconda skeleton bites you.
* * * LOW HITPOINT WARNING * * *
The anaconda skeleton constricts you.
* * * LOW HITPOINT WARNING * * *
The anaconda skeleton barely misses you.
The gargoyle hits your fulminant prism with a +0 dire flail!!
Your fulminant prism detonates feebly.
Casting: Fulminant Prism (mildly dangerous; 1% risk of failure)
Confirm with . or Enter, or press ? or * to list all spells.
Aiming: Fulminant Prism (mildly dangerous; 1% risk of failure)
Press: ? - help, Dir - move target You conjure a prism of explosive energy!
* * * LOW HITPOINT WARNING * * *
A fulminant prism comes into view.
The anaconda skeleton bites you!
* * * LOW HITPOINT WARNING * * *
The anaconda skeleton constricts you.
* * * LOW HITPOINT WARNING * * *
The anaconda skeleton bites you!
You die...

≈≈## §≈≈≈# ≈≈§≈≈##
§≈≈≈≈§## ###+# ≈≈≈≈≈≈.###
..⌠..#
≈≈≈≈≈..#.##########.....#
≈≈≈.....≈'...8...9'.....#
§§≈§≈§...'......@Z'9.∩..+
≈≈.§≈§..≈'...8...Z*.....#
.≈.§§....##########.....+
......#### ..⌠..# ...####
##### .### ##


You could see 2 gargoyles, 2 anaconda skeletons and a friendly fulminant prism.

Vanquished Creatures
  A two-headed ogre (D:10)
  Lodul (D:10)
  A manticore (D:11)
  2 cyclopes (D:11)
  A black mamba (Lair:3)
  A cane toad (Lair:2)
  A kobold demonologist (D:9)
  4 komodo dragons
  10 blink frogs
  2 flying skulls (Volcano)
  2 wraiths
  2 wyverns
  44 yaks
  A steam dragon (D:8)
  A basilisk (Lair:2)
  2 vampire mosquitoes (D:10)
  3 wargs (D:9)
  2 acid dragons
  A swamp worm (Lair:2)
  2 hell hounds (Lair:3)
  9 water moccasins
  2 black bears
  2 ice beasts
  8 ogres
  8 orc warriors
  3 centaurs
  A phantom (D:7)
  A kobold brigand (D:10)
  7 bullfrogs
  A gnoll sergeant (D:7)
  2 necrophages (D:5)
  6 scorpions
  5 howler monkeys
  11 orc priests
  3 hounds
  Natasha (thrice) (D:2)
  5 iguanas
  17 orc wizards
  7 adders
  3 gnolls (D:7)
  A shadow imp (D:5)
  A white imp (D:6)
  2 ufetubi (D:7)
  A worm (D:2)
  10 dart slugs
  53 orcs
  10 endoplasms
  2 giant cockroaches (D:4)
  11 goblins
  6 hobgoblins
  3 jackals (D:4)
  10 kobolds
  A quokka (D:4)
  5 ball pythons
  5 bats
  2 frilled lizards
  5 rats
316 creatures vanquished.

Vanquished Creatures (collateral kills)
  2 bog bodies (Lair:2)
  2 black mambas
  2 yaks (D:9)
  A vampire mosquito (D:10)
  3 swamp worms (Lair:2)
  An orc warrior (D:9)
  An ogre (D:10)
  A bullfrog (Lair:2)
  An electric eel (Lair:2)
14 creatures vanquished.

Vanquished Creatures (others)
  197 fulminant prisms
  9 fungi
  14 plants
220 creatures vanquished.

Grand Total: 550 creatures vanquished

Notes
Turn   | Place    | Note
-------+----------+-------------------------------------------
     0 | D:1      | oldmanjim the Djinni Conjurer began the quest for the Orb.
     0 | D:1      | oldmanjim set off with the following spells memorised:
                  | Magic Dart, Searing Ray, Dazzling Flash, Fulminant Prism,
                  | Iskenderun's Mystic Blast.
     0 | D:1      | Reached XP level 1. HP: 15/15 MP: 0/0
   193 | D:1      | Found a faded altar of an unknown god.
   223 | D:1      | Reached XP level 2. HP: 20/22 MP: 0/0
   695 | D:1      | Reached skill level 1 in Fighting
   812 | D:1      | Reached XP level 3. HP: 16/27 MP: 0/0
   812 | D:1      | Learned a level 1 spell: Shock
   846 | D:2      | Noticed Natasha
   913 | D:2      | Found a snail-covered altar of Cheibriados.
   950 | D:2      | Killed Natasha
  1035 | D:2      | Noticed Natasha
  1042 | D:2      | Killed Natasha
  1043 | D:2      | Reached XP level 4. HP: 23/33 MP: 0/0
  1182 | D:2      | Reached skill level 2 in Fighting
  1323 | D:2      | Reached XP level 5. HP: 28/38 MP: 0/0
  1323 | D:2      | Learned a level 2 spell: Static Discharge
  1564 | D:2      | Noticed Natasha
  1572 | D:2      | Killed Natasha
  1817 | D:3      | Identified the +6 flail of Popular Demand {flame, *Noise
                  | rElec Will+}
  1918 | D:3      | Found a shadowy altar of Dithmenos.
  2207 | D:3      | Reached XP level 6. HP: 37/45 MP: 0/0
  2847 | D:4      | Reached skill level 3 in Fighting
  3111 | D:4      | Reached XP level 7. HP: 25/50 MP: 0/0
  3111 | D:4      | Learned a level 3 spell: Tukima's Dance
  3261 | D:4      | Found a broken altar of Ashenzari.
  3266 | D:4      | Saw a vision of the Swamp and the Snake Pit.
  3266 | D:4      | Noticed a fenstrider witch
  3266 | D:4      | Noticed a spriggan rider
  3266 | D:4      | Noticed a bloated husk
  3266 | D:4      | Noticed a tyrant leech
  3266 | D:4      | Noticed a naga mage
  3266 | D:4      | Noticed a naga
  3267 | D:4      | Noticed a naga
  3267 | D:4      | Noticed a spriggan rider
  3268 | D:4      | Noticed a black mamba
  3269 | D:4      | Noticed an anaconda
  3269 | D:4      | Noticed a naga mage
  3782 | D:4      | Reached skill level 5 in Dodging
  4177 | D:5      | Entered Level 5 of the Dungeon
  4189 | D:5      | Reached skill level 4 in Fighting
  4495 | D:5      | Found a sparkling altar of Nemelex Xobeh.
  4629 | D:5      | Reached XP level 8. HP: 30/58 MP: 0/0
  4792 | D:5      | Found a hide-covered altar of Uskayaw.
  4949 | D:5      | Reached skill level 5 in Spellcasting
  5394 | D:6      | Reached skill level 5 in Fighting
  5995 | D:6      | Found a stormy altar of Qazlal.
  6250 | D:6      | Found a burning altar of Makhleb.
  6254 | D:6      | Became a worshipper of Makhleb the Destroyer
  6337 | D:6      | Reached skill level 1 in Armour
  6337 | D:6      | Reached XP level 9. HP: 39/66 MP: 0/0
  6337 | D:6      | Learned a level 4 spell: Anguish
  6572 | D:6      | Found a white marble altar of Elyvilon.
  6926 | D:5      | Noticed a rust devil
  6926 | D:5      | Noticed a rust devil
  6943 | D:6      | Reached skill level 6 in Fighting
  7260 | D:6      | Upgraded the game from 0.30-a0-808-g6e0788376e to
                  | 0.30-a0-830-gfe289a77b0
  7609 | D:7      | Reached XP level 10. HP: 18/73 MP: 0/0
  7910 | D:7      | Reached skill level 7 in Fighting
  7936 | D:7      | Found a staircase to the Ecumenical Temple.
  7943 | Temple   | Entered the Ecumenical Temple
  8605 | D:8      | Reached * piety under Makhleb
  9265 | D:8      | Reached skill level 8 in Fighting
  9317 | D:8      | Found a snail-covered altar of Cheibriados.
  9953 | D:9      | Found a shimmering altar of Xom.
  9959 | D:9      | Noticed a kobold demonologist
  9971 | D:9      | Killed a kobold demonologist
 10165 | D:8      | Upgraded the game from 0.30-a0-830-gfe289a77b0 to
                  | 0.30-a0-840-ga523dec638
 10165 | D:8      | Upgraded the game from 0.30-a0-840-ga523dec638 to
                  | 0.30-a0-847-g17996783a1
 10184 | D:9      | Found an iron altar of Okawaru.
 10329 | D:9      | Reached ** piety under Makhleb
 10439 | D:9      | Found an ornate altar of the Wu Jian Council.
 10613 | D:9      | Found a blossoming altar of Fedhas.
 10641 | D:9      | Found a staircase to the Lair.
 10661 | D:9      | Reached skill level 9 in Fighting
 10713 | D:9      | Reached XP level 11. HP: 68/84 MP: 0/0
 10713 | D:9      | Learned a level 5 spell: Summon Mana Viper
 10937 | D:9      | Reached skill level 1 in Invocations
 11342 | D:10     | Entered Level 10 of the Dungeon
 11931 | D:10     | Noticed a two-headed ogre
 11945 | D:10     | Reached skill level 5 in Armour
 11947 | D:10     | Killed a two-headed ogre
 12036 | D:10     | Reached *** piety under Makhleb
 12150 | D:10     | Noticed Lodul
 12162 | D:10     | Killed Lodul
 12353 | D:10     | Reached skill level 5 in Invocations
 12583 | D:10     | Found Zin's Purification Station.
 12586 | D:10     | Found a glowing silver altar of Zin.
 12589 | D:10     | Bought a potion of curing for 90 gold pieces
 13004 | D:11     | Noticed a cyclops
 13071 | D:10     | Identified 2 scrolls of acquirement
 13073 | D:10     | Acquired the +1 helmet of Kleptomania {rF- Str+3 Int+2}
 13080 | D:10     | Acquired a +6 ring of intelligence
 13148 | D:11     | Killed a cyclops
 13148 | D:11     | Reached **** piety under Makhleb
 13149 | D:11     | Reached skill level 10 in Dodging
 13149 | D:11     | Reached XP level 12. HP: 88/91 MP: 0/0
 13206 | D:11     | Reached skill level 10 in Fighting
 13518 | D:11     | Identified the +4 whip "Bielokha" {pain, rF+}
 13738 | Lair:1   | Entered Level 1 of the Lair of Beasts
 15102 | Lair:2   | Reached skill level 11 in Fighting
 15203 | Lair:2   | Reached XP level 13. HP: 86/99 MP: 0/0
 15203 | Lair:2   | Learned a level 5 spell: Summon Forest
 15388 | Lair:2   | Reached skill level 10 in Spellcasting
 15849 | Lair:2   | Found a staircase to the Swamp.
 15972 | Lair:3   | Found a dark tunnel.
 15989 | Volcano  | Entered a volcano
 16185 | Volcano  | Slain by an anaconda skeleton

Illustrated notes

Levels and vault maps discovered:
D:1:      mainiacjoe_arrival_reflecting_pool, layout_basic,
          basic_ecumenical_altar
D:2:      layout_basic, basic_altar, minmay_goblin_kobold_house, uniq_natasha
D:3:      layout_basic, nicolae_dithmenos_shadow_blocks
D:4:      kennysheep_slugbush, layout_loops_ring, grunt_ashenzari_visionary
          [grunt_ashenzari_visionary_swamp, grunt_ashenzari_visionary_snake],
          nicolae_sif_muna_condensation, nicolae_concentric_dashed_squares_mild,
          chequers_serial_rivers_marsh
D:5:      cheibrodos_iron_armory, layout_cave_pods,
          nicolae_uskayaw_murder_on_the_dancefloor,
          lemuel_coloured_pillars_altar
D:6:      layout_gridville, lemuel_doored_altar, elyvilon_altar_5,
          bloody_makhleb, minmay_misc_feat_tiny
D:7:      layout_basic, minmay_temple_entry_slanted,
          chequers_serial_rivers_small_3, minmay_misc_feat_enclosed
D:8:      layout_cave_pods, fiery_altar_vehumet, cheibriados_altar_1,
          patterned_corridor
D:9:      layout_irregular_city, fedhas_ov_isle_minmay,
          mainiacjoe_overflow_boulevard, xom_butterflies,
          mainiacjoe_overflow_alcove_1, erik_lair_orcish_takeover,
          amcnicky_mini_pool_small
D:10:     layout_roguey [special_room_orc], zin_purify, uniq_lodul
D:11:     layout_basic
Temple:   nicolae_temple_great_sept
Lair:1:   layout_roguey
Lair:2:   layout_hall_layers, nicolae_swamp_entry_splash_gauntlet,
          serial_bayou_shore_b, grunt_megastairs_4
Lair:3:   layout_cave_pods, nicolae_snake_entry_warm_welcome, enter_volcano_3,
          nicolae_lair_grove_arrangements
Volcano:  volcano_tomb [vts_original]

Skill      XL: |  1  2  3  4  5  6  7  8  9 10 11 12 13 |
---------------+----------------------------------------+-----
Fighting       | 1 2 3 4 5 6 9 11 | 11.0
Dodging        | 3 4 5 6 8 9 10 | 10.0
Spellcasting   | 4 5 6 7 8 9 10 | 10.0
Armour         | 1 3 4 5 |  5.0
Invocations    | 5 8 9 |  9.9
Stealth        | |  1.5

Action                     |  1- 3 |  4- 6 |  7- 9 | 10-12 | 13-15 || total
---------------------------+-------+-------+-------+-------+-------++-------
  Melee: Flail             |       |       |       |    16 |     2 ||    18
         Punch             |       |       |       |     2 |       ||     2
  Throw: Dart              |       |     2 |     1 |       |       ||     3
   Cast: Magic Dart        |    37 |   109 |    90 |   104 |    11 ||   351
         Searing Ray       |     2 |    11 |    26 |    36 |     6 ||    81
         Fulminant Prism   |       |       |    21 |   166 |    12 ||   199
         Iskenderun's Myst |       |       |    31 |    12 |    11 ||    54
         Anguish           |       |       |     2 |       |       ||     2
         Dazzling Flash    |       |       |       |     9 |     1 ||    10
         Summon Mana Viper |       |       |       |     9 |     4 ||    13
         Summon Forest     |       |       |       |       |     2 ||     2
         Tukima's Dance    |       |       |       |       |     1 ||     1
    Use: Scroll            |       |       |     6 |    12 |     1 ||    19
 Armour: Robe              |     1 |     2 |     8 |       |       ||    11
         Acid dragon scale |       |       |       |    17 |     2 ||    19
  Dodge: Dodged            |     4 |     6 |    45 |    78 |    32 ||   165

Table legend: (Time is in decaauts)
 A = Elapsed time spent in this place.
 B = Non-inter-level travel time spent in this place.
 C = Inter-level travel time spent in this place.
 D = Time resting spent in this place.
 E = Time spent auto-exploring this place.
 F = Levels seen in this place.
 G = Mean time per level.
                   A        B        C        D        E       F      G
               +--------+--------+--------+--------+--------+-----+--------+
         Total |  16223 |  15638 |    585 |   2465 |  10279 |  16 | 1013.9 |
       Dungeon |  13688 |  13153 |    535 |   2174 |   8917 |  11 | 1244.4 |
        Temple |     82 |     70 |     12 |      0 |     62 |   1 |   82.0 |
          Lair |   2256 |   2218 |     38 |    171 |   1300 |   3 |  752.0 |
       Volcano |    195 |    195 |      0 |    120 |      0 |   1 |  195.0 |
               +--------+--------+--------+--------+--------+-----+--------+

Top non-repeatable levels by time:
     D:6: 1891 daAuts
    D:10: 1776 daAuts
     D:8: 1555 daAuts
     D:5: 1547 daAuts
     D:9: 1372 daAuts
     D:4: 1332 daAuts
  Lair:1: 1173 daAuts
     D:3: 1057 daAuts
  Lair:2: 1021 daAuts
     D:2: 947 daAuts
     D:7: 867 daAuts
     D:1: 848 daAuts
    D:11: 491 daAuts
 Volcano: 195 daAuts
  Temple: 82 daAuts
